 Dungeon Crawl Stone Soup version 0.21.1-1-g345015f (webtiles) character file.

348 tyranidshit the Skirmisher (level 6, -13/55 HPs)
             Began as a Demonspawn Abyssal Knight on July 31, 2018.
             Was a Believer of Lugonu.
             Mangled by Menkaure (19 damage)
             ... on level 4 of the Dungeon.
             The game lasted 00:05:21 (2578 turns).

tyranidshit the Skirmisher (DsAK)                   Turns: 2578, Time: 00:05:21

Health: -13/55     AC:  4    Str: 17    XL:     6   Next: 33%
Magic:  0/7        EV: 11    Int: 13    God:    Lugonu [**....]
Gold:   214        SH:  0    Dex: 12    Spells: 5/5 levels left

rFire    . . .     SeeInvis .   a - +1 hand axe
rCold    . . .     Gourm    .   (no shield)
rNeg     . . .     Faith    .   i - +0 leather armour
rPois    .         Spirit   +   (no helmet)
rElec    .         Reflect  .   k - scarf {Spirit}
rCorr    .         Harm     .   (no gloves)
MR       +....     Rnd*Tele +   (no boots)
Stlth    +.........             (no amulet)
HPRegen  0.18/turn              (no ring)
MPRegen  0.10/turn              (no ring)

@: no status effects
A: hooves 1, molten scales 2, deformed body, magic resistance 1, powered by
death 1, strong 1, teleportitis 1
a: Depart the Abyss, Bend Space, Renounce Religion


You were on level 4 of the Dungeon.
You worshipped Lugonu.
Lugonu was pleased with you.
You were not hungry.

You visited 1 branch of the dungeon, and saw 4 of its levels.
You visited the Abyss 1 time.

You collected 214 gold pieces.

Inventory:

Hand Weapons
 a - a +1 hand axe (weapon)
Armour
 b - a +0 leather armour
 f - a +0 plate armour
 i - a +0 leather armour (worn)
 j - a +0 ring mail
 k - a scarf of spirit shield (worn)
Scrolls
 d - 4 scrolls of identify
 e - a scroll of fear
 g - 2 scrolls of remove curse
 h - a scroll of amnesia
Comestibles
 c - 8 rations


   Skills:
 - Level 7.1 Fighting
 - Level 1.7 Axes
 + Level 2.0 Armour
 - Level 0.8 Dodging
 - Level 2.4 Invocations


You had 5 spell levels left.
You didn't know any spells.

Dungeon Overview and Level Annotations

Branches:
Dungeon (4/15)
 Temple: D:4-7

Altars:
Ashenzari
Cheibriados
Qazlal
Sif Muna
Vehumet
Xom

Annotations:
D:4 Menkaure; zapotec's ghost, amateur KoFi


Innate Abilities, Weirdness & Mutations

You have large cloven feet.
You are mostly covered in molten scales. (AC +3)
You regenerate a little health from kills.
Armour fits poorly on your strangely shaped body.
You are resistant to hostile enchantments. (MR+)
Your muscles are strong. (Str +2)
You are occasionally teleported next to monsters.


Message History

Menkaure seems to speed up.
You hit Menkaure. You kick Menkaure, but do no damage.
Menkaure is moderately damaged.
Menkaure casts a spell at you. You resist with some effort.
You closely miss Menkaure. Your kick misses Menkaure.
Menkaure is moderately damaged.
Menkaure hits you!!
Menkaure calls on the powers of darkness!
Your body is wracked with pain!
* * * LOW HITPOINT WARNING * * *
You barely miss Menkaure. You kick Menkaure.
Menkaure is moderately damaged.
Menkaure barely misses you.
You hit Menkaure. Your kick misses Menkaure.
Menkaure is heavily damaged.
Menkaure hits you.
* * * LOW HITPOINT WARNING * * *
Menkaure hits you!!
You die...

## ## ... o. #.#
## #.# #.# # #.#
#.. #.######.#
.....###[.......#
##
#...WM@...######
.# ##.####...# .#
#.#####.#######
...............
..#####.#######
#.# .. #.# .. #.#
#. #.#


You could see Menkaure and zapotec's ghost.

Vanquished Creatures
  A phantom (D:4)
  A howler monkey (D:4)
  2 orc priests (D:3)
  An orc wizard (D:3)
  An iguana (D:4)
  4 adders
  An ooze (D:3)
  3 worms
  4 dart slugs
  4 leopard geckos
  6 orcs
  4 giant cockroaches
  6 goblins
  3 hobgoblins
  A jackal (D:3)
  3 kobolds (D:3)
  3 quokkas
  7 bats
  4 frilled lizards
  5 rats
64 creatures vanquished.

Notes
Turn   | Place    | Note
-------+----------+-------------------------------------------
     0 | Abyss:1  | tyranidshit the Demonspawn Abyssal Knight began the quest for the Orb.
     0 | Abyss:1  | Reached XP level 1. HP: 18/18 MP: 2/2
    65 | Abyss:1  | Found a corrupted altar of Lugonu.
    85 | Abyss:1  | Noticed a lindwurm
    85 | D:1      | Escaped the Abyss
   311 | D:1      | Gained mutation: You are partially covered in molten scales. (AC +2) [demonic ancestry]
   311 | D:1      | Reached XP level 2. HP: 18/24 MP: 3/3
   340 | D:1      | Reached * piety under Lugonu
  1038 | D:2      | Reached skill level 4 in Fighting
  1151 | D:2      | Found a deep blue altar of Sif Muna.
  1189 | D:2      | Gained mutation: You are mostly covered in molten scales. (AC +3) [demonic ancestry]
  1189 | D:2      | Reached XP level 3. HP: 30/30 MP: 4/4
  1203 | D:2      | Gained mutation: Armour fits poorly on your strangely shaped body. [potion of mutation]
  1203 | D:2      | Gained mutation: You are occasionally teleported next to monsters. [potion of mutation]
  1203 | D:2      | Gained mutation: Your muscles are strong. (Str +2) [potion of mutation]
  1203 | D:2      | Gained mutation: You are resistant to hostile enchantments. (MR+) [potion of mutation]
  1461 | D:3      | Found a radiant altar of Vehumet.
  1463 | D:3      | Found a radiant altar of Vehumet.
  1463 | D:3      | Found a snail-covered altar of Cheibriados.
  1465 | D:3      | Found a stormy altar of Qazlal.
  1465 | D:3      | Found a shimmering altar of Xom.
  1465 | D:3      | Found a shattered altar of Ashenzari.
  1702 | D:3      | Gained mutation: You have large cloven feet. [demonic ancestry]
  1702 | D:3      | Reached XP level 4. HP: 35/38 MP: 5/5
  1722 | D:3      | Reached skill level 5 in Fighting
  1871 | D:3      | Reached ** piety under Lugonu
  2105 | D:3      | Reached XP level 5. HP: 36/46 MP: 6/6
  2120 | D:3      | Reached skill level 6 in Fighting
  2210 | D:4      | Noticed a phantom
  2250 | D:4      | Killed a phantom
  2250 | D:4      | Reached skill level 7 in Fighting
  2250 | D:4      | Gained mutation: You regenerate a little health from kills. [demonic ancestry]
  2250 | D:4      | Reached XP level 6. HP: 35/55 MP: 7/7
  2255 | D:4      | Noticed zapotec's ghost (amateur KoFi)
  2567 | D:4      | Noticed Menkaure
  2578 | D:4      | Mangled by Menkaure

Skill      XL: |  1  2  3  4  5  6 |
---------------+-------------------+-----
Fighting       | 4 5 7 |  7.1
Armour         | 2 |  2.0
Axes           | |  1.7
Dodging        | |  0.8
Invocations    | |  2.4

Action                   |  1- 3 |  4- 6 || total
-------------------------+-------+-------++-------
Melee: Hand axe          |   142 |   111 ||   253
       Kick              |       |    31 ||    31
Invok: Depart the Abyss  |     1 |       ||     1
  Use: Scroll            |     6 |       ||     6
       Potion            |     5 |     2 ||     7
  Eat: Ration            |     1 |     1 ||     2
       Chunk             |     1 |       ||     1
Armor: Leather armour    |    11 |    20 ||    31
       Plate armour      |   107 |    38 ||   145
Dodge: Dodged            |    44 |    50 ||    94
